 Dungeon Crawl Stone Soup version 0.27.1-33-g824d729ab1 (webtiles) character file.

Game seed: 1087473202201171815

88 lonewolfV2 the Ruffian (level 4, -2/23 HPs)
             Began as a Gargoyle Gladiator on Dec 10, 2021.
             Was a Follower of Hepliaklqana.
             Slain by a scorpion (7 damage)
             ... on level 4 of the Dungeon.
             The game lasted 00:04:15 (2148 turns).

lonewolfV2 the Ruffian (Gargoyle Gladiator)         Turns: 2148, Time: 00:04:15

Health: -2/23      AC:  7    Str: 18    XL:     4   Next: 53%
Magic:  4/4        EV: 12    Int:  8    God:    Hepliaklqana [*.....]
Gold:   114        SH:  0    Dex: 12    Spells: 3/3 levels left

rFire    . . .     SeeInvis .     - Unarmed
rCold    . . .     Faith    .   (no shield)
rNeg     + . .     Spirit   .   a - +0 leather armour
rPois    ∞         Reflect  .   b - +0 helmet
rElec    +         Harm     .   (no cloak)
rCorr    .         Rampage  .   (no gloves)
Will     .....                  (no boots)
Stlth    +.........             (no amulet)
HPRegen  0.07/turn              (no ring)
MPRegen  0.09/turn              (no ring)

@: no status effects
A: reduced essence, sickness immunity, AC +3, negative energy resistance 1,
electricity resistance, torment resistance 1, petrification resistance
a: Renounce Religion, Recall Ancestor, Ancestor Identity


You were on level 4 of the Dungeon.
You worshipped Hepliaklqana.
Hepliaklqana was aware of your devotion.
You visited 1 branch of the dungeon, and saw 3 of its levels.

You collected 114 gold pieces.

Inventory:

Missiles
 c - 3 throwing nets (quivered)
Armour
 a - a +0 leather armour (worn)
 b - a +0 helmet (worn)
Scrolls
 d - 2 scrolls of identify {unknown}
 e - a scroll of blinking {unknown}
 f - a scroll of fog {unknown}


   Skills:
 + Level 2.2 Fighting
 + Level 2.1 Throwing
 + Level 1.9 Armour
 + Level 3.0 Dodging
 + Level 3.9 Unarmed Combat


You had 3 spell levels left.
You didn't know any spells.
Your spell library was empty.

Dungeon Overview and Level Annotations

Branches:
Dungeon (2/15)

Altars:
Hepliaklqana


Innate Abilities, Weirdness & Mutations

Your life essence is reduced to manifest your ancestor. (-10% HP)
You are immune to sickness and miasma.
Your stone body is resilient. (AC +3)
You are immune to poison.
You resist negative energy. (rN+)
You are resistant to electric shocks. (rElec)
You are resistant to unholy torment.
You are immune to petrification.


Message History

The scorpion stings you but does no damage.
You hit the scorpion.
The scorpion is heavily wounded.
The scorpion barely misses you.
You hit the scorpion but do no damage.
The scorpion is heavily wounded.
The scorpion stings you.
You barely miss the scorpion.
The scorpion is heavily wounded.
The scorpion misses you. The scorpion closely misses you.
You barely miss the scorpion.
The scorpion is heavily wounded.
The scorpion stings you but does no damage.
You hit the scorpion but do no damage.
The scorpion is heavily wounded.
The scorpion stings you but does no damage.
You barely miss the scorpion.
The scorpion is moderately wounded.
The scorpion stings you but does no damage.
You closely miss the scorpion.
The scorpion is moderately wounded.
The scorpion barely misses you.
You hit the scorpion but do no damage.
The scorpion is moderately wounded.
The scorpion stings you but does no damage.
You hit the scorpion but do no damage.
The scorpion is moderately wounded.
The scorpion misses you.
You barely miss the scorpion.
The scorpion is moderately wounded.
The scorpion stings you.
You hit the scorpion.
The scorpion is moderately wounded.
The scorpion stings you.
* * * LOW HITPOINT WARNING * * *
You barely miss the scorpion.
The scorpion is moderately wounded.
The scorpion stings you but does no damage.
The scorpion stings you!
You die...

#.# ####.#
#####.. #.#
#....# #.#
#.####....#####
#.#
#..............
#.#
#######.#######
#.# #.# #.#
#.##### #>#
#.....# #.
#..s@.#
#...........
#.##........
.............
...............
........(......
...............
###...#####


You could see a scorpion.

Vanquished Creatures
  An orc priest (D:2)
  An adder (D:4)
  A worm (D:2)
  A dart slug (D:1)
  An orc (D:2)
  3 ball pythons
  2 bats (D:2)
  5 endoplasms (D:1)
  5 giant cockroaches
  3 goblins
  2 hobgoblins (D:1)
  3 jackals (D:2)
  3 frilled lizards
  3 kobolds (D:1)
  2 rats (D:1)
36 creatures vanquished.

Vanquished Creatures (collateral kills)
  An orc (D:2)
  A jackal (D:2)
  A rat (D:2)
3 creatures vanquished.

Grand Total: 39 creatures vanquished

Notes
Turn   | Place    | Note
-------+----------+-------------------------------------------
     0 | D:1      | lonewolfV2 the Gargoyle Gladiator began the quest for the
                  | Orb.
     0 | D:1      | Reached XP level 1. HP: 12/12 MP: 1/1
   490 | D:1      | Reached XP level 2. HP: 17/17 MP: 2/2
   942 | D:1      | Reached XP level 3. HP: 21/21 MP: 3/3
  1230 | D:1      | Found a faded altar of an unknown god.
  1238 | D:1      | Became a worshipper of Hepliaklqana the Forgotten
  1238 | D:1      | Reached * piety under Hepliaklqana
  1468 | D:2      | Reached skill level 1 in Armour
  1468 | D:2      | Reached XP level 4. HP: 6/23 MP: 4/4
  1889 | D:2      | You fall into a shaft and drop 2 floors!
  2126 | D:4      | Noticed a scorpion
  2148 | D:4      | Slain by a scorpion

Illustrated notes

Levels and vault maps discovered:
D:1:      eino_arrival_cavern_b, layout_loops_ring, serial_forest,
          infiniplex_forest_3_way, infiniplex_forest_corner_1,
          infiniplex_forest_clump_small, infiniplex_forest_lined_2,
          infiniplex_forest_end_2, infiniplex_forest_side_room,
          shapermc_ecumenical_altar_petra, wander_ebering_terrifying_dragon_lair
D:2:      layout_basic
D:4:      layout_basic, minmay_temple_entry_statues, grunt_decor_mini_mirrors

Skill      XL: |  1  2  3 |
---------------+----------+-----
Throwing       | 2 |  2.1
Armour         | 1 |  1.9
Dodging        | 3 |  3.0
Fighting       | |  2.2
Unarmed Combat | |  3.9

Action                   |  1- 3 |  4- 6 || total
-------------------------+-------+-------++-------
Melee: Unarmed           |    90 |    59 ||   149
Armor: Leather armour    |    24 |    19 ||    43
Dodge: Dodged            |    61 |    42 ||   103
